 Dungeon Crawl Stone Soup version 0.28.0-1-gb440e238dd (webtiles) character file.

Game seed: 2504739127793556686

153248 jfcaron the Blinker (level 17, 0/79 HPs)
             Began as a Felid Summoner on Feb 22, 2022.
             Was an Initiate of Gozag.
             Killed by the air
             ... invoked by Liukles the Cloud Mage
              (25 damage)
             ... in a wizard's laboratory on Feb 24, 2022.
             The game lasted 04:12:17 (61966 turns).

jfcaron the Blinker (Felid Summoner)               Turns: 61966, Time: 04:12:21

Health: 0/79       AC:  3    Str:  4    XL:     17   Next: 4%
Magic:  21/34      EV: 26    Int: 27    God:    Gozag
Gold:   8059       SH:  0    Dex: 18    Spells: 4/41 levels left
                                        Lives:  0   Deaths: 2

rFire   + + +      SeeInvis +   (weapon unavailable)
rCold   + . .      Faith    .   (shield unavailable)
rNeg    . . .      Spirit   .   (armour unavailable)
rPois   .          Reflect  .   (helmet unavailable)
rElec   +          Harm     .   (cloak unavailable)
rCorr   .          Rampage  .   (gloves unavailable)
Will    ++...                   (boots unavailable)
Stlth   +.........              N - amulet of magic regeneration
HPRegen 0.23/turn               y - ring of Sierhug {rElec rF++ Str-4 SInv}
MPRegen 0.64/turn               M - ring of Balance {rF+ Str+4 Int+4}

@: lethally poisoned (0 -> -1), forested, gold aura, very slow
A: very small, claws 1, fangs 3, see invisible, speed 1, shaggy fur 3, stealthy
paws, no weapons or thrown items, no armour, multi-lived
a: Renounce Religion, Potion Petition, Call Merchant, Bribe Branch


You were in a wizard's laboratory.
You worshipped Gozag.
Gozag was greatly pleased with you.
You visited 7 branches of the dungeon, and saw 33 of its levels.
You also visited: Gauntlet, Ice Cave and Wizlab.

You collected 14458 gold pieces.
You spent 4147 gold pieces at shops.
You paid 2252 gold pieces to Gozag.

Inventory:

Jewellery
 e - the brooch of Shielding {Spirit SH+8}
   (You found it on level 5 of the Dungeon)

   [amulet of guardian spirit]

   It causes incoming damage to be divided between your reserves of health and
   magic.
   SH:        It affects your SH (+8).
 f - a ring of poison resistance
 j - an amulet of reflection
 k - a ring of magical power
 p - a ring of willpower
 r - the ring of Georan {rF+ Str+6}
   (You found it on level 8 of the Dungeon)

   [ring of strength]

   Str:       It affects your strength (+6).
   rF:        It protects you from fire.
 w - a ring of protection from cold
 y - the ring of Sierhug (left paw) {rElec rF++ Str-4 SInv}
   (You found it in a Gauntlet)

   [ring of see invisible]

   Str:       It affects your strength (-4).
   rF:        It greatly protects you from fire.
   rElec:     It insulates you from electricity.
   SInv:      It lets you see invisible.
 B - a ring of the Octopus King {Fly AC+1 EV+1 Str+1 Int+1 Dex+1}
   (You took it off a minotaur in a Gauntlet)

   [ring of flight]

   AC:        It affects your AC (+1).
   EV:        It affects your evasion (+1).
   Str:       It affects your strength (+1).
   Int:       It affects your intelligence (+1).
   Dex:       It affects your dexterity (+1).
   Fly:       It grants you flight.
 J - a ring of positive energy
 M - the ring of Balance (right paw) {rF+ Str+4 Int+4}
   (You bought it in a shop on level 10 of the Dungeon)

   [ring of protection from fire]

   Str:       It affects your strength (+4).
   Int:       It affects your intelligence (+4).
   rF:        It protects you from fire.
 N - an amulet of magic regeneration (around neck)
 R - a ring of wizardry
Wands
 a - a wand of mindburst (20)
 n - a wand of paralysis (13)
 s - a wand of iceblast (7)
 u - a wand of polymorph (27)
 A - a wand of acid (4)
 K - a wand of digging (10)
Scrolls
 b - 5 scrolls of torment
 c - 3 scrolls of fog
 h - 7 scrolls of silence
 i - 9 scrolls of teleportation
 l - a scroll of fear
 q - 3 scrolls of holy word
 t - a scroll of summoning
 x - a scroll of blinking
 F - 2 scrolls of magic mapping
 O - a scroll of amnesia
 U - 3 scrolls of immolation
Potions
 d - 5 potions of brilliance
 g - 5 potions of attraction
 m - 11 potions of curing
 o - 3 potions of haste
 z - 5 potions of resistance
 C - 7 potions of ambrosia
 D - 3 potions of invisibility
 E - 3 potions of heal wounds
 H - 3 potions of lignification
 I - 2 potions of might
 L - 2 potions of berserk rage
 Q - 5 potions of flight
 S - 3 potions of cancellation
 T - a potion of magic
Miscellaneous
 v - a condenser vane
 G - a tin of tremorstones (2/2)
 P - a piece from Xom's chessboard (15/15)


   Skills:
 - Level 12.0 Fighting
 - Level 12.0 Dodging
 - Level 2.6 Stealth
 * Level 12.9 Spellcasting
 - Level 10.0 Hexes
 - Level 15.0 Summonings
 + Level 17.4 Translocations
 + Level 17.1 Transmutations
 + Level 15.5 Air Magic


You had 4 spell levels left.
You knew the following spells:

 Your Spells              Type           Power      Damage    Failure   Level
a - Summon Mana Viper     Hex/Summ       71%        N/A       1%          5
b - Summon Cactus Giant   Summ           39%        N/A       1%          6
c - Call Canine Familiar  Summ           78%        N/A       1%          3
d - Summon Guardian Gole  Hex/Summ       71%        N/A       1%          3
e - Summon Lightning Spi  Summ/Air       79%        N/A       1%          4
f - Storm Form            Tmut/Air       40%        N/A       3%          7
g - Summon Forest         Summ/Tloc      40%        N/A       1%          5
h - Passwall              Tmut/Erth      49%        N/A       1%          2
j - Blink                 Tloc           100%       N/A       0%          2

Your spell library contained the following spells:

 Spells                   Type           Power      Damage    Failure   Level
 Apportation              Tloc           100%       N/A       0%          1
 Summon Small Mammal      Summ           100%       N/A       0%          1
 Call Imp                 Summ           78%        N/A       0%          2
 Gell's Gravitas          Tloc           84%        N/A       0%          3
 Swiftness                Air            79%        N/A       0%          3
 Teleport Other           Tloc           84%        N/A       0%          3
 Shock                    Conj/Air       100%       1d9       1%          1
 Corpse Rot               Necr/Air       100%       N/A       1%          2
 Ensorcelled Hibernation  Hex/Ice        88%        N/A       1%          2
 Poisonous Vapours        Pois/Air       100%       N/A       1%          2
 Static Discharge         Conj/Air       56%        N/A       1%          2
 Inner Flame              Hex/Fire       44%        N/A       1%          3
 Airstrike                Air            39%        N/A       1%          4
 Cause Fear               Hex            31%        N/A       1%          4
 Passage of Golubria      Tloc           84%        N/A       1%          4
 Petrify                  Tmut/Erth      59%        N/A       1%          4
 Animate Skeleton         Necr           34%        N/A       3%          1
 Freeze                   Ice            68%        1d8       3%          1
 Magic Dart               Conj           68%        1d6       3%          1
 Searing Ray              Conj           34%        2d5       4%          2
 Sublimation of Blood     Necr           17%        N/A       4%          2
 Fulminant Prism          Conj/Hex       22%        3d13      4%          4
 Leda's Liquefaction      Hex/Erth       22%        N/A       4%          4
 Frozen Ramparts          Ice            34%        1d5       10%         3
 Ozocubu's Armour         Ice            17%        N/A       10%         3
 Dispel Undead            Necr           17%        3d10      32%         4
 Hailstorm                Conj/Ice       17%        3d6       32%         4
 Sticky Flame             Conj/Fire      17%        2d4       32%         4
 Manifold Assault         Tloc           84%        N/A       1%          5
 Silence                  Hex/Air        36%        N/A       1%          5
 Dispersal                Tloc           42%        N/A       1%          6
 Irradiate                Conj/Tmut      29%        3d23      2%          5
 Lightning Bolt           Conj/Air       28%        1d44      3%          5
 Freezing Cloud           Conj/Ice/Air   22%        6-21      11%         5
 Metabolic Englaciation   Hex/Ice        22%        N/A       12%         5
 Statue Form              Tmut/Erth      39%        N/A       14%         6
 Lee's Rapid Deconstruct  Erth           8%         3d8*      65%         5
 Discord                  Hex            31%        N/A       98%         8
 Death Channel            Necr           8%         N/A       99%         6
 Simulacrum               Ice/Necr       8%         N/A       99%         6
 Lehudib's Crystal Spear  Conj/Erth      8%         10d4      100%        8
 Chain Lightning          Conj/Air       28%        3d37      100%        9
 Fire Storm               Conj/Fire      8%         8d2       100%        9
 Polar Vortex             Ice            8%         N/A       100%        9
 Shatter                  Erth           8%         3d10*     100%        9
 Portal Projectile        Hex/Tloc       Unusable   N/A       N/A         3

Dungeon Overview and Level Annotations

Branches:
Dungeon (15/15)            Temple (1/1) D:7            Lair (6/6) D:8
 Shoals (3/4) Lair:4        Snake (4/4) Lair:4        Slime (0/5) Lair:5
    Orc (2/2) D:12            Elf (2/3) Orc:2        Vaults (0/5) D:14
 Depths (0/4) D:15          IceCv (visited)          WizLab (1/1)
Gauntlet (visited)

Altars:
Ashenzari
Cheibriados
Dithmenos
Elyvilon
Fedhas
Gozag
Hepliaklqana
Kikubaaqudgha
Makhleb
Nemelex Xobeh
Okawaru
Qazlal
Ru
Sif Muna
Trog
Uskayaw
Vehumet
Wu Jian
Xom
Yredelemnul
Zin
The Shining One
Beogh

Shops:
D:4 (   D:9 [   D:10 =[:   D:15 ?:   Orc:2 *!=[*   Elf:1 ::=   Shoals:2 (
Snake:2 ([*   Snake:3 =

Annotations:
D:11 1 runed translucent door, DemonSlayer's ghost, journeyman DECj
Lair:2 3 runed translucent doors, zeram's ghost, journeyman GrFi
Snake:2 2 transporters, pkoi's ghost, adept DrMo
Snake:3 exclusion: 5 doors


Innate Abilities, Weirdness & Mutations

You have sharp claws.
You have razor-sharp teeth.
You have supernaturally acute eyesight. (SInv)
You cover ground quickly. (Speed+)
Your thick and shaggy fur keeps you warm. (AC +3, rC+)
Your paws help you pounce on unaware monsters.
You are incapable of wielding weapons or throwing items.
You cannot wear armour.
You gain extra lives every three experience levels.


Message History

Your mana viper disappears in a puff of smoke!
A stunning burst appears from out of your range of vision.
A death drake comes into view.
Unknown command.
Aiming: Corrosive Bolt
Press: ? - help, Shift-Dir - straight line, f - you, p - Liukles
Okay, then.
Unknown command.
Casting: Summon Forest (safe; 1% risk of failure)
Confirm with . or Enter, or press ? or * to list all spells.
Okay, then.
Press: ? - help, v - describe, . - travel
Here: Liukles the Cloud Mage, wielding a +1 quick blade of electrocution and wearing the +3 robe of Clouds {*Thunder rCloud rElec} (surrounded by a freezing vortex, ally target)
The damp floor.
Casting: Summon Forest (safe; 1% risk of failure)
Confirm with . or Enter, or press ? or * to list all spells.
An electric hum fills the air.
You feel sick.
A tree reaches out and hits the death drake!
A foul vapour appears from out of your range of vision.
The foul vapour engulfs your dryad.
Your dryad is poisoned.
Your dryad seems to slow down.
You feel sick.
The death drake dies!
Liukles waves their arms in wide circles.
The air twists around and strikes you!!
Your magical contamination has completely faded away.
Unknown command.
Unknown command.
You feel sick.
You feel sick.
The forest abruptly stops moving.
Your lightning spire shoots out a bolt of lightning at Liukles!
The bolt of electricity hits Liukles!
Liukles resists.
There is an open door here.
You enter the shallow water.
Moving in this stuff is going to be slow.
You feel sick.
Liukles waves their arms in wide circles.
The air twists around and strikes you!!
You die...
Your body crumbles into a pile of gold.

..................###≈≈≈≈≈≈≈≈≈≈
≈≈≈≈≈≈≈≈≈≈≈≈≈≈≈≈≈...###≈≈≈≈≈≈≈≈≈
###############♣≈≈≈...##≈≈≈≈≈≈≈≈
#♣♣♣## #♣ ♣≈≈≈≈≈..#≈≈≈≈≈≈≈≈
.♣♣.♣§§#§§#♣≈≈≈≈≈≈.##≈≈≈≈≈≈≈
.§§§§§§§♣§.♣≈≈≈≈≈≈≈.#≈≈≈≈≈≈≈
§C§§§§§§§§.♣≈≈≈≈≈≈≈.##≈≈≈≈≈≈
.§§§§§§§§§§♣≈≈≈≈≈≈≈≈.#≈≈≈≈≈≈
.§§§§@§§§8.'@≈≈≈≈≈≈≈.#≈≈≈≈≈≈
.§§§.§§§§♣.♣≈≈≈≈≈≈≈≈.#≈≈≈≈≈≈
.§§§§§§§§§§#≈≈≈≈≈≈≈.##≈≈≈≈≈≈
.§§§§§§§§..#≈≈≈≈≈≈≈.#≈≈≈≈≈≈≈
°♣§§♣§§#§§♣#≈≈≈≈≈≈≈##≈≈≈≈≈≈≈
###♣♣♣♣♣♣##≈≈≈≈≈..#≈≈≈≈≈≈≈≈
###############♣≈≈≈...##§§§≈≈≈≈≈
≈≈≈≈≈≈≈≈≈≈≈≈≈≈≈≈≈.♣♣###§§§§§≈§≈≈
..................###≈≈§§§§§§§§


You could see Liukles the Cloud Mage (gusty, ally target) and a friendly
lightning spire (summoned).

Vanquished Creatures
  Jorgrun (D:15)
  Agnes (D:15)
  Roxanne (D:15)
  Kirke (Elf:1)
  A kraken (Shoals:3)
  Donald (Elf:1)
  Ilsuiw (Shoals:3)
  A nagaraja (Snake:3)
  A deep elf sorcerer (Elf:2)
  An orc warlord (Orc:2)
  Aizul (Shoals:2)
  A deep elf elementalist (Elf:1)
  An ironbound preserver (D:14)
  2 very ugly things (IceCv)
  Nessos (Lair:5)
  A deep elf demonologist (Elf:1)
  2 deep elf annihilators (Elf:1)
  A minotaur (Gauntlet)
  2 spark wasps (WizLab)
  5 merfolk impalers
  4 blizzard demons (WizLab)
  3 merfolk javelineers
  A yaktaur captain (D:12)
  2 fire dragons (D:15)
  2 great orbs of eyes
  Josephine (Lair:6)
  A salamander tyrant (Snake:2)
  A ghost crab (WizLab)
  A rakshasa (D:14)
  15 hydras
  3 naga warriors
  4 caustic shrike simulacra (IceCv)
  6 merfolk aquamancers
  4 boulder beetles
  3 ogre magi
  2 catoblepae
  4 alligator snapping turtles
  A merfolk avatar (Shoals:3)
  9 death yaks
  5 anacondas (Snake:1)
  3 centaur warriors
  The ghost of Icepheonix32 the Nimble, a journeyman MfTm of Hepliaklqana (D:8)
  15 two-headed ogres
  A deep troll shaman (Lair:6)
  Urug (D:11)
  5 orc high priests (Orc:2)
  12 dancing weapons
  5 shock serpents
  2 naga sharpshooters (Snake:2)
  10 deep elf knights
  2 salamander mystics
  7 death drakes (WizLab)
  The ghost of KUP the Arsonist, a novice BaFE of Sif Muna (D:7)
  5 sea snakes
  6 deep elf archers
  A wizard (D:14)
  5 naga ritualists
  2 orange crystal statues (IceCv)
  A spriggan simulacrum (Shoals:1)
  7 orc knights (Orc:2)
  15 deep elf zephyrmancers
  12 harpies
  7 mana vipers
  3 orc sorcerers (Orc:2)
  24 deep elf pyromancers
  7 fauns
  11 ugly things
  4 cyclopes
  17 manticores
  6 salamanders
  A salamander (shapeshifter) (D:12)
  5 merfolk sirens
  37 black mambas
  8 naga magi
  Maurice (D:10)
  2 apocalypse crabs (WizLab)
  A water nymph (shapeshifter) (Elf:1)
  14 elephants
  A torpor snail (Lair:6)
  4 water nymphs
  22 cane toads
  2 gargoyles (D:13)
  4 freezing wraiths (IceCv)
  9 rime drakes
  A cane toad (shapeshifter) (D:14)
  An unseen horror (D:12)
  3 efreet
  9 komodo dragons
  A rime drake (shapeshifter) (D:13)
  A kobold demonologist (D:6)
  A golden dragon simulacrum (IceCv)
  3 anaconda simulacra
  An entropy weaver simulacrum (Shoals:1)
  A tengu conjurer (D:14)
  14 trolls
  24 merfolk
  7 polar bears
  A queen bee (Lair:1)
  A meliai (D:12)
  Grinder (D:6)
  10 wind drakes
  2 hornets
  12 slime creatures
  9 blink frogs
  7 dream sheep (Lair:4)
  4 snapping turtles
  A shadow (D:12)
  14 air elementals
  A centaur simulacrum (D:14)
  5 wraiths
  A spriggan (Lair:5)
  17 wyverns
  3 vampires
  4 dire elephant simulacra
  3 hogs (Elf:1)
  18 water elementals
  59 yaks
  A fire elemental (Elf:1)
  A human (Elf:1)
  4 basilisks
  3 vampire mosquitoes
  A steam dragon (D:7)
  2 swamp worms (Gauntlet)
  A minotaur simulacrum (Shoals:1)
  3 wargs
  Edmund (D:6)
  18 nagas
  4 acid dragons
  19 water moccasins
  3 hydra simulacra (IceCv)
  2 hell hounds (D:15)
  A sky beast (D:5)
  4 ice beasts
  45 orc warriors
  2 ettin simulacra (IceCv)
  3 black bears
  3 alligator simulacra
  2 necrophages
  A boggart (D:12)
  A hornet zombie (D:6)
  15 ogres
  47 wolves
  12 centaurs
  3 phantoms
  20 bullfrogs
  3 kobold brigands
  A gnoll sergeant (D:11)
  3 scorpions
  3 earth elementals
  A hornet simulacrum (D:15)
  23 killer bees (Lair:1)
  A water moccasin skeleton (D:6)
  A lindwurm simulacrum (Shoals:1)
  12 howler monkeys
  6 electric eels
  A centaur zombie (D:9)
  4 quasits (D:8)
  37 orc priests
  11 hounds
  3 jellies (Lair:5)
  A bullfrog skeleton (D:5)
  An iguana (D:5)
  5 gnoll shamans
  5 hell rats (D:15)
  22 orc wizards
  A killer bee zombie (D:8)
  17 gnolls
  5 adders
  A shadow imp (D:6)
  8 white imps
  A howler monkey simulacrum (D:7)
  2 nameless horrors
  An ufetubus (D:5)
  An adder zombie (D:5)
  3 worms
  A dart slug (D:1)
  83 orcs
  8 endoplasms
  2 giant cockroaches
  5 goblins
  6 hobgoblins
  4 jackals (D:2)
  16 kobolds
  5 quokkas
  6 ball pythons
  7 bats
  3 frilled lizards
  2 rats (D:1)
  3 bushes (Lair:6)
  52 fungi
  81 plants
  18 snaplasher vines
  6 tentacles (Shoals:3)
1362 creatures vanquished.

Notes
Turn   | Place    | Note
-------+----------+-------------------------------------------
     0 | D:1      | jfcaron the Felid Summoner began the quest for the Orb.
     0 | D:1      | Reached XP level 1. HP: 7/7 MP: 4/4
   204 | D:1      | Reached XP level 2. HP: 11/11 MP: 3/6
   207 | D:1      | Learned a level 2 spell: Call Imp
  1289 | D:2      | Reached XP level 3. HP: 14/14 MP: 5/8
  1315 | D:2      | Learned a level 3 spell: Call Canine Familiar
  2127 | D:2      | Reached XP level 4. HP: 18/18 MP: 6/9
  2131 | D:2      | Learned a level 3 spell: Summon Guardian Golem
  2982 | D:3      | Noticed a kobold brigand
  2997 | D:3      | Killed a kobold brigand
  2998 | D:3      | Reached skill level 5 in Summonings
  2998 | D:3      | Reached XP level 5. HP: 21/21 MP: 4/11
  3123 | D:3      | Identified the +5 dagger of the Dripping Seeker {holy,
                  | Str+4 Int+2 SInv Stlth+}
  3233 | D:4      | Noticed a necrophage
  3359 | D:4      | Noticed an ogre
  3374 | D:4      | Killed an ogre
  3400 | D:4      | Identified the +7 whip of Inquiry {speed, rC++ rCorr Str+2}
  3512 | D:4      | Gained mutation: You are covered in thick fur. (AC +2)
                  | [Felid growth]
  3512 | D:4      | Reached XP level 6. HP: 16/24 MP: 6/13
  3517 | D:4      | Learned a level 4 spell: Summon Lightning Spire
  3807 | D:4      | Reached skill level 1 in Air Magic
  4114 | D:4      | Found Fogh's Weapon Shoppe.
  4142 | D:4      | Found a blossoming altar of Fedhas.
  4325 | D:5      | Entered Level 5 of the Dungeon
  4346 | D:5      | Noticed an ice beast
  4404 | D:5      | Killed an ice beast
  4405 | D:5      | Reached XP level 7. HP: 27/27 MP: 1/14
  4569 | D:5      | Reached skill level 5 in Hexes
  4645 | D:5      | Found the brooch of Shielding {Spirit SH+8}
  4686 | D:5      | Reached skill level 5 in Spellcasting
  4989 | D:5      | Reached XP level 8. HP: 31/31 MP: 8/16
  5780 | D:6      | Noticed Grinder
  5793 | D:6      | Killed Grinder
  6014 | D:6      | Noticed Edmund
  6030 | D:6      | Killed Edmund
  6257 | D:6      | Reached XP level 9. HP: 34/34 MP: 12/19
  6265 | D:6      | Reached skill level 5 in Air Magic
  7313 | D:6      | Noticed a kobold demonologist
  7324 | D:6      | Killed a kobold demonologist
  7554 | D:6      | Found a sparkling altar of Nemelex Xobeh.
  8268 | D:6      | Reached XP level 10. HP: 29/37 MP: 10/22
  8311 | D:6      | Learned a level 3 spell: Swiftness
  8751 | D:7      | Found a staircase to the Ecumenical Temple.
  8760 | Temple   | Entered the Ecumenical Temple
  9021 | Temple   | Became a worshipper of Elyvilon the Healer
  9320 | D:7      | Paralysed by an orc warrior for 6 turns
  9725 | D:7      | Found a hazy altar of Hepliaklqana.
  9800 | D:7      | Reached * piety under Elyvilon
  9848 | D:7      | Found a runed translucent gate.
  9848 | D:7      | Found a runed translucent gate.
  9848 | D:7      | Found a runed translucent gate.
  9969 | D:7      | Noticed KUP's ghost (novice BaFE)
 10076 | D:7      | Found a stormy altar of Qazlal.
 10172 | D:8      | Reached skill level 10 in Summonings
 10222 | D:8      | Found an opulent altar of Gozag.
 10247 | D:8      | Fell from the grace of Elyvilon
 10247 | D:8      | Became a worshipper of Gozag Ym Sagoz the Greedy
 10475 | D:8      | Found a staircase to the Lair.
 10792 | D:8      | Noticed Icepheonix32's ghost (journeyman MfTm)
 10793 | D:8      | Found a transporter.
 10804 | D:8      | Found a transporter.
 10846 | D:8      | Identified the ring of Georan {rF+ Str+6}
 11369 | D:9      | Found Asuyh's Antique Armour Emporium.
 11377 | D:9      | Noticed a two-headed ogre
 11677 | D:9      | Noticed a two-headed ogre
 11689 | D:9      | Killed a two-headed ogre
 11995 | D:9      | Killed a two-headed ogre
 12303 | D:9      | Reached XP level 11. HP: 34/40 MP: 12/24
 12626 | D:9      | Found a snail-covered altar of Cheibriados.
 12627 | D:9      | Found a sacrificial altar of Ru.
 12629 | D:9      | Found a bloodstained altar of Trog.
 12629 | D:9      | Found a glowing silver altar of Zin.
 12880 | D:10     | Entered Level 10 of the Dungeon
 13072 | D:10     | Noticed Maurice
 13087 | D:10     | Killed Maurice
 13094 | D:10     | Noticed a catoblepas
 13111 | D:10     | Killed a catoblepas
 13455 | D:10     | Reached skill level 10 in Air Magic
 13628 | D:10     | Noticed a two-headed ogre
 13639 | D:10     | Killed a two-headed ogre
 13851 | D:10     | Found Zoeg's Book Boutique.
 13852 | D:10     | Found Fiut's Antique Armour Shop.
 13854 | D:10     | Found Laschepni's Jewellery Shoppe.
 13869 | D:10     | Bought an Inescapable Atlas for 408 gold pieces
 13869 | D:10     | Bought a book of the Wilderness for 456 gold pieces
 13875 | D:10     | Learned a level 5 spell: Summon Forest
 13878 | D:10     | Learned a level 2 spell: Passwall
 13880 | D:10     | Learned a level 1 spell: Apportation
 13883 | D:10     | Learned a level 2 spell: Blink
 14112 | Lair:1   | Entered Level 1 of the Lair of Beasts
 14126 | Lair:1   | Reached skill level 1 in Fighting
 14126 | Lair:1   | Reached skill level 1 in Transmutations
 14675 | Lair:1   | Noticed a six-headed hydra
 14686 | Lair:1   | Killed a six-headed hydra
 14687 | Lair:1   | Reached skill level 5 in Dodging
 14821 | Lair:1   | Noticed an eight-headed hydra
 14841 | Lair:1   | Killed an eight-headed hydra
 14842 | Lair:1   | Gained mutation: Your thick and shaggy fur keeps you warm.
                  | (AC +3, rC+) [Felid growth]
 14842 | Lair:1   | Reached XP level 12. HP: 48/48 MP: 12/25
 15468 | Lair:1   | HP: 9/49 [poisoned by a killer bee]
 16197 | Lair:1   | Noticed a seven-headed hydra
 16206 | Lair:1   | Killed a seven-headed hydra
 16578 | D:7      | Killed KUP's ghost
 16579 | D:7      | Reached skill level 5 in Transmutations
 16869 | D:8      | Killed Icepheonix32's ghost
 17014 | Lair:2   | Reached skill level 1 in Translocations
 17076 | Lair:2   | Found a runed translucent gate.
 17134 | Lair:2   | Reached skill level 5 in Fighting
 17256 | Lair:2   | Found a runed translucent gate.
 17258 | Lair:2   | Found a runed translucent gate.
 17440 | Lair:2   | Noticed zeram's ghost (journeyman GrFi)
 17989 | Lair:2   | Noticed a six-headed hydra
 18024 | Lair:2   | Killed a six-headed hydra
 18509 | Lair:3   | Found a gate leading to a gauntlet.
 18518 | Gauntlet | Entered a Gauntlet
 18518 | Gauntlet | Noticed a catoblepas
 18518 | Gauntlet | Found a transporter.
 18526 | Gauntlet | Found a transporter.
 18527 | Gauntlet | Found a transporter.
 18541 | Gauntlet | Found a transporter.
 18549 | Gauntlet | Found a transporter.
 18563 | Gauntlet | Found a runed translucent door.
 18567 | Gauntlet | Found a transporter.
 18573 | Gauntlet | Noticed an entropy weaver
 18577 | Gauntlet | Found a transporter.
 18584 | Gauntlet | Noticed a great orb of eyes
 18587 | Gauntlet | Found a runed translucent gate.
 18588 | Gauntlet | Found a transporter.
 18588 | Gauntlet | Found a runed translucent gate.
 18589 | Gauntlet | Found a runed translucent gate.
 18603 | Gauntlet | Found a transporter.
 18617 | Gauntlet | Found a transporter.
 18617 | Gauntlet | Found a transporter.
 18659 | Gauntlet | Found a transporter.
 18673 | Gauntlet | Found a transporter.
 18715 | Gauntlet | Found a transporter.
 19150 | Gauntlet | Killed a great orb of eyes
 19227 | Gauntlet | Identified the ring of Sierhug {rElec rF++ Str-4 SInv}
 19291 | Gauntlet | Found the ring of the Octopus King {Fly AC+1 EV+1 Str+1
                  | Int+1 Dex+1}
 19291 | Gauntlet | Noticed a minotaur
 19313 | Gauntlet | Killed a minotaur
 19559 | Lair:3   | Reached XP level 13. HP: 55/55 MP: 17/26
 19777 | Lair:3   | Learned a level 5 spell: Summon Mana Viper
 21380 | Lair:4   | Found a staircase to the Snake Pit.
 21433 | Lair:4   | Found a sparkling altar of Nemelex Xobeh.
 22035 | Lair:4   | Found a staircase to the Shoals.
 22044 | Lair:4   | Reached skill level 5 in Translocations
 23477 | Lair:5   | Found a staircase to the Slime Pits.
 23515 | Lair:5   | Noticed Nessos
 23534 | Lair:5   | Killed Nessos
 24039 | Lair:5   | Reached XP level 14. HP: 60/60 MP: 23/28
 25036 | Lair:6   | Entered Level 6 of the Lair of Beasts
 25801 | Lair:6   | Noticed Josephine
 25824 | Lair:6   | Killed Josephine
 25825 | Lair:6   | Reached skill level 10 in Dodging
 25825 | Lair:6   | Reached skill level 10 in Spellcasting
 27987 | Lair:6   | Reached skill level 10 in Hexes
 28286 | Lair:6   | Identified the amulet "Yhoicoxi" {Spirit Str+4}
 28289 | Lair:6   | Identified the +6 rapier of Luxury {drain, Int+4 Stlth+}
 28874 | D:10     | Bought the ring of Balance {rF+ Str+4 Int+4} for 585 gold
                  | pieces
 29032 | D:11     | Noticed DemonSlayer's ghost (journeyman DECj)
 29217 | D:11     | Identified a scroll of acquirement
 29275 | D:11     | Noticed Urug
 29288 | D:11     | Killed Urug
 29349 | D:11     | Found an iron altar of Okawaru.
 29553 | D:11     | Found a runed translucent door.
 30377 | D:12     | Reached XP level 15. HP: 66/66 MP: 13/30
 30686 | D:12     | Acquired 982 gold pieces
 31384 | D:12     | Learned a level 6 spell: Summon Cactus Giant
 32360 | D:12     | Found a staircase to the Orcish Mines.
 32507 | Orc:1    | Entered Level 1 of the Orcish Mines
 32644 | Orc:2    | Entered Level 2 of the Orcish Mines
 32760 | Orc:2    | Found a staircase to the Elven Halls.
 32901 | Orc:2    | Found Aggane's General Store.
 32917 | Orc:2    | Bought a potion of heal wounds for 50 gold pieces
 32917 | Orc:2    | Bought a potion of invisibility for 80 gold pieces
 32926 | Orc:2    | Reached skill level 10 in Translocations
 34053 | Orc:2    | Noticed an orc warlord
 34071 | Orc:2    | Killed an orc warlord
 36133 | Orc:2    | Found Qouhukli's Jewellery Emporium.
 36136 | Orc:2    | Found Ysim's Antique Armour Shoppe.
 36137 | Orc:2    | Found Esatuoru's Distillery.
 36138 | Orc:2    | Found Isergh's General Store.
 36145 | Orc:2    | Bought an amulet of magic regeneration for 510 gold pieces
 36161 | Orc:2    | Bought 2 potions of cancellation for 192 gold pieces
 36161 | Orc:2    | Bought a potion of magic for 96 gold pieces
 36248 | Orc:2    | Bought a wand of polymorph (5) for 70 gold pieces
 36336 | Orc:2    | Bought a wand of mindburst (10) for 252 gold pieces
 36708 | D:13     | Reached skill level 10 in Transmutations
 39419 | D:14     | Found a gate to the Vaults.
 39476 | D:14     | Reached XP level 16. HP: 72/72 MP: 21/31
 39519 | D:15     | Entered Level 15 of the Dungeon
 39571 | D:15     | Noticed Roxanne
 39906 | D:15     | Noticed Jorgrun
 39922 | D:15     | Reached skill level 10 in Fighting
 39924 | D:15     | Killed Jorgrun
 40267 | D:15     | Noticed Agnes
 40273 | D:15     | Killed Agnes
 40584 | D:15     | Found a snail-covered altar of Cheibriados.
 40920 | D:15     | Killed Roxanne
 41122 | D:15     | Found a staircase to the Depths.
 41150 | D:15     | Bought a scroll of magic mapping for 45 gold pieces
 41150 | D:15     | Bought a scroll of holy word for 97 gold pieces
 41150 | D:15     | Bought a scroll of fog for 26 gold pieces
 41152 | D:15     | Bought a manual of Transmutations for 1280 gold pieces
 41435 | Snake:1  | Entered Level 1 of the Snake Pit
 41608 | Snake:1  | Reached skill level 15 in Summonings
 42555 | Snake:2  | Found Noeg Wan's General Store.
 42591 | Snake:2  | Found Odecw's Antique Armour Shoppe.
 43524 | Snake:2  | Noticed pkoi's ghost (adept DrMo)
 43525 | Snake:2  | Found a transporter.
 43557 | Snake:2  | Found a transporter.
 43612 | Snake:2  | Found Malakhlu's Weapon Boutique.
 44214 | Snake:3  | Reached XP level 17. HP: 69/78 MP: 22/32
 44599 | Snake:3  | Found Wodeigho's Jewellery Shop.
 44929 | Snake:4  | Entered Level 4 of the Snake Pit
 45053 | Shoals:1 | Entered Level 1 of the Shoals
 45068 | Shoals:1 | Found a frozen archway.
 45198 | IceCv    | Entered an ice cave
 45373 | IceCv    | Found the +4 skin of Zhor {*Englaciate rC+++ SInv}
 46033 | IceCv    | Identified the +6 shortbow "Fierch" {flame, rPois}
 46896 | Shoals:1 | HP: 7/78 [merfolk javelineer/silver javelin (19)]
 46896 | Shoals:1 | HP: 2/78 [merfolk javelineer/silver javelin (5)]
 47098 | Shoals:1 | HP: 3/78 [merfolk javelineer/silver javelin (15)]
 47098 | Shoals:1 | HP: 1/78 [merfolk javelineer/silver javelin (2)]
 49868 | Shoals:2 | Noticed Aizul
 50414 | Shoals:2 | Killed Aizul
 51044 | Shoals:2 | Reached skill level 15 in Translocations
 51340 | Shoals:2 | Found Erchiemu's Antique Weapon Shop.
 53246 | Shoals:3 | Noticed Ilsuiw
 54111 | Shoals:3 | Killed Ilsuiw
 54487 | Shoals:3 | Reached skill level 15 in Transmutations
 54687 | Shoals:3 | Noticed a kraken
 54691 | Shoals:3 | Killed a kraken
 55298 | Shoals:3 | HP: 10/79 [manticore/volley of spikes (14)]
 55551 | Shoals:3 | Reached XP level 18. HP: 67/84 MP: 6/34
 57360 | Shoals:3 | Learned a level 7 spell: Storm Form
 57633 | Elf:1    | Entered Level 1 of the Elven Halls
 57865 | Elf:1    | Paralysed by an air elemental for 1 turns
 57870 | Elf:1    | Paralysed by an air elemental for 1 turns
 57871 | Elf:1    | HP: 14/84 [air elemental (8)]
 57873 | Elf:1    | HP: 6/84 [air elemental/stunning burst (8)]
 57875 | Elf:1    | Paralysed by an air elemental for 1 turns
 57876 | Elf:1    | Killed from afar by an air elemental
 57877 | Elf:1    | Reached XP level 17. HP: -10/79 MP: 0/33
 58046 | Elf:1    | Reached skill level 15 in Air Magic
 58256 | Elf:1    | Noticed Donald
 58261 | Elf:1    | Killed Donald
 58909 | Elf:1    | Noticed Kirke
 58914 | Elf:1    | Paralysed by an air elemental for 1 turns
 58927 | Elf:1    | Killed Kirke
 59193 | Elf:1    | Paralysed by an air elemental for 1 turns
 59699 | Elf:1    | Found Xewnasy's Jewellery Shop.
 59699 | Elf:1    | Found Erith's Book Shoppe.
 59700 | Elf:1    | Found Onoxoc's Book Shoppe.
 59949 | Elf:2    | HP: 6/79 [deep elf knight/lance of force (32)]
 59949 | Elf:2    | Collided with a lightning spire
 59950 | Elf:2    | Reached XP level 16. HP: -3/76 MP: 23/33
 60050 | Elf:2    | Found a runed translucent gate.
 60050 | Elf:2    | Found a runed translucent gate.
 60051 | Elf:2    | Found a runed translucent gate.
 60156 | Elf:2    | Found a magical portal.
 60170 | WizLab   | Entered The Chambers of the Cloud Mage
 60223 | WizLab   | Paralysed by an air elemental for 1 turns
 61010 | WizLab   | Paralysed by an air elemental for 1 turns
 61013 | WizLab   | Paralysed by an air elemental for 1 turns
 61144 | WizLab   | Paralysed by an air elemental for 1 turns
 61145 | WizLab   | Reached XP level 17. HP: 42/79 MP: 30/34
 61688 | WizLab   | Paralysed by an air elemental for 1 turns
 61957 | WizLab   | Noticed Liukles
 61966 | WizLab   | Killed from afar by Liukles the Cloud Mage

Illustrated notes

Levels and vault maps discovered:
D:1:      lemuel_arrival_muddy, layout_basic, minivault_24,
          nicolae_concentric_dashed_squares_wild, minmay_tripent
D:2:      layout_basic, minmay_misc_feat_alley
D:3:      layout_basic, serial_bayou_crossing
D:4:      layout_loops_cross, nicolae_overflow_crystal_walls, serial_shops,
          nicolae_shop_bloodbath_and_beyond
D:5:      layout_basic, minmay_checkerbox
D:6:      lemuel_castle_with_subvaults [lemuel_castle_interior_carwin_1],
          layout_layer_cave, nemelex_dance_club_becter, uniq_grinder,
          uniq_edmund
D:7:      layout_loops_ring, mainiacjoe_overflow_boulevard, marbit_many_paths,
          minmay_temple_entry_hall, gammafunk_ghost_icy
D:8:      layout_cave_pods, nicolae_gozag_seed_capital, lair_entry_dummy,
          gammafunk_ghost_stat_death
D:9:      layout_roguey, mainiacjoe_overflow_alcove_3, serial_shops,
          nicolae_shop_competitors_out_of_business
D:10:     layout_small_grid, grunt_ministairs_1, chequers_hall_statues_corner_a,
          nicolae_wooded_promenade, minmay_misc_feat_diagonals,
          minmay_misc_feat_square, uniq_maurice
D:11:     layout_loops_ring, hellmonk_ghost_happy_afterlife, okawaru_gym_becter,
          uniq_urug
D:12:     evilmike_diamond_1, layout_irregular_city,
          minmay_orc_entry_temple_small, serial_column_ruins,
          column_ruins_grid_3, column_ruins_corridor_straight,
          column_ruins_columns_straight, column_ruins_open_tiny,
          column_ruins_open_small
D:13:     layout_gridville
D:14:     layout_stronghold, skrybe_vaults_entry_preservation,
          infiniplex_staircase_zigzag_1
D:15:     grunt_enter_depths_hoard, layout_loops_ring, special_room
          [special_room_mythical_zoo], nicolae_twisting_strands, slow_altar_2,
          uniq_jorgrun, uniq_agnes, uniq_roxanne
Temple:   oiseaux_autumnal_temple
Lair:1:   layout_hall_layers, special_room [special_room_bee],
          beast_lair_carwin_9, grunt_megastairs_1, lemuel_fruit_fields
Lair:2:   layout_gridlike, gammafunk_ghost_necromancy, lemuel_fruit_fields,
          grunt_megastairs_5, serial_bayou_shore_b
Lair:3:   layout_hall_layers, gauntlet_entry_generic, lemuel_fruit_tree
Lair:4:   layout_roguey, elwin_shoals_entry_stream,
          minmay_snake_entry_guardpost_large, basic_altar, beast_lair_carwin_5,
          infiniplex_staircase_pool_2, serial_bayou_shore_a
Lair:5:   layout_cave_pods, minmay_slime_entry_pillars,
          grunt_forest_small_clearings, minivault_24,
          grunt_forest_large_clearings, uniq_nessos
Lair:6:   grunt_lair_end_beastmaster, layout_gridlike,
          eino_small_chamber_without_monster, wad_woods_river_02, uniq_josephine
Shoals:1: layout_shoals, portal_ice_cave_entry_ice_simulacra,
          nicolae_shoals_pincushion_passage
Shoals:2: layout_shoals, serial_shops, shop, uniq_aizul
Shoals:3: layout_shoals, uniq_ilsuiw
Snake:1:  layout_cave_shapes, dpeg_stationary_puzzle
Snake:2:  layout_cave_shapes, gammafunk_ghost_arena, serial_shops,
          nicolae_diamond_shop, minmay_shoptagon
Snake:3:  layout_basic, serial_shops, nicolae_shop_stone, hangedman_venom_bottle
Snake:4:  hellmonk_snake_rune_quicksilver_temple, layout_cave_town
Orc:1:    layout_caves, basic_altar
Orc:2:    st_orc_pillars, layout_diamond_mine, serial_shops, shop, basic_altar
Elf:1:    layout_geoelf_grid, minivault_28, nicolae_elf_blasts_and_bolts,
          minmay_shop_grove, uniq_donald, uniq_kirke
Elf:2:    elven_hall_of_blades_hangedman_original [mumra_blade_entry_dagger],
          layout_rooms, mu_enter_wizlab_4, minmay_the_grid_square_5x5_3x3_mashed
          [minmay_the_grid_square_5x5_checkered_statues,
          minmay_the_grid_square_5x5_bite, minmay_the_grid_square_5x5_checkered,
          minmay_the_grid_square_5x5_tetrominoes,
          minmay_the_grid_square_5x5_megaprize_open,
          minmay_the_grid_square_5x5_empty, minmay_the_grid_square_5x5_shuriken,
          minmay_the_grid_square_5x5_fat_x,
          minmay_the_grid_square_5x5_hollow_slash]
WizLab:   wizlab_cloud

Skill      XL: |  1  2  3  4  5  6  7  8  9 10 11 12 13 14 15 16 17 18 |
---------------+-------------------------------------------------------+-----
Spellcasting   | 3 4 5 6 7 8 9 10 12 | 12.9
Hexes          | 2 3 4 5 6 8 10 | 10.0
Summonings     | 5 6 8 9 11 12 13 14 15 | 15.0
Air Magic      | 1 3 4 6 8 10 11 12 13 14 15 | 15.5
Dodging        | 5 7 9 11 12 | 12.0
Fighting       | 3 5 6 8 9 11 12 | 12.0
Transmutations | 3 6 7 8 10 17 16 | 17.1
Translocations | 3 6 9 11 17 15 16 | 17.4
Stealth        | |  2.6

Action                   |  1- 3 |  4- 6 |  7- 9 | 10-12 | 13-15 | 16-18 || total
-------------------------+-------+-------+-------+-------+-------+-------++-------
Melee: Unarmed           |    10 |    16 |    20 |    16 |    31 |    33 ||   126
       Bite              |     3 |     1 |     1 |     2 |     3 |     9 ||    19
       Punch             |       |       |       |       |     1 |       ||     1
 Cast: Summon Small Mamm |    54 |    43 |    29 |    13 |       |       ||   139
       Call Imp          |    10 |     7 |    18 |    21 |     6 |       ||    62
       Call Canine Famil |       |     9 |    32 |    79 |   130 |   148 ||   398
       Summon Guardian G |       |     3 |    26 |    60 |    46 |    33 ||   168
       Summon Lightning  |       |       |    18 |    99 |   127 |   127 ||   371
       Summon Mana Viper |       |       |       |       |   109 |   129 ||   238
       Summon Forest     |       |       |       |       |    13 |    35 ||    48
       Swiftness         |       |       |       |       |     2 |       ||     2
       Summon Cactus Gia |       |       |       |       |    58 |   165 ||   223
       Blink             |       |       |       |       |       |     3 ||     3
Invok: Call Merchant     |       |       |       |       |       |     2 ||     2
       Potion Petition   |       |       |       |       |       |     1 ||     1
Evoke: Wand              |       |       |       |    25 |    35 |    36 ||    96
       Condenser vane    |       |       |       |     2 |     2 |     4 ||     8
       Tin of tremorston |       |       |       |       |     4 |     2 ||     6
       Piece from Xom's  |       |       |       |       |       |     9 ||     9
  Use: Scroll            |       |     9 |     6 |    11 |     6 |    14 ||    46
       Potion            |       |       |       |     1 |     1 |     7 ||     9
 Stab: Sleeping          |       |     1 |       |       |       |       ||     1
       Distracted        |       |       |       |       |     2 |       ||     2
       Betrayed ally     |       |       |       |       |     1 |       ||     1
       Paralysed         |       |       |       |       |       |     6 ||     6
Armor: Skin              |       |     1 |     2 |    10 |     6 |    13 ||    32
Dodge: Dodged            |    21 |    20 |    26 |   128 |   146 |   405 ||   746
Block: Other             |       |       |     7 |    85 |    53 |    70 ||   215
